MapleLeafs vs Oilers

Created - January 16 2012 at 18:36

Goals
1 2 3 T
MapleLeafs 1 1 0 2
Oilers 2 1 0 3
Shots
1 2 3 T
MapleLeafs 6 10 9 25
Oilers 11 8 11 30

Period #1

1. Oilers , Jochen Hecht 11 (Adrian Aucoin, Todd Marchant) at 0:21
2. Oilers , Michal Handzus 8 (Brent Sopel, Scott Hannan) at 6:56
3. MapleLeafs , Kris Versteeg 18 (Vincent Lecavalier, Patrick Marleau) at 17:04 (PP)

Penalties :
Roman Hamrlik (EDM) for Roughing (Minor) at 0:40, Kris Versteeg (TOR) for Tripping (Minor) at 0:40, Vincent Lecavalier (TOR) for Cross-checking (Minor) at 7:18, Shawn Thornton (TOR) for Hooking (Minor) at 8:59, Matt Greene (TOR) for High sticking (Minor) at 11:33, Stephen Weiss (EDM) for Cross-checking (Minor) at 12:40, Chris Phillips (EDM) for Hooking (Minor) at 16:51

Period #2

4. MapleLeafs , Evgeni Malkin 21 (Vincent Lecavalier) at 2:43 (PP)
5. Oilers , Stephen Weiss 22 (Roman Hamrlik, Dany Heatley) at 13:23

Penalties :
Adrian Aucoin (EDM) for Roughing (Minor) at 2:41, Greg Zanon (TOR) for Roughing (Minor) at 3:14, Scott Hannan (EDM) for Boarding (Minor) at 10:18, Adrian Aucoin (EDM) for Goalie Interference (Minor) at 19:38

Period #3

No Goal

Penalties :
Andrew Alberts (TOR) for Roughing (Minor) at 4:11, Ed Jovanovski (TOR) for Roughing (Minor) at 14:07, Matt Carkner (TOR) for High sticking (Minor) at 18:35

Goalie Stats

Ryan Miller (TOR), 27 saves from 30 shots - (0.900), L, 12-16-6, 60:00 minutes
Dan Ellis (EDM), 23 saves from 25 shots - (0.920), W, 5-3-0, 60:00 minutes

Players Stats

MapleLeafs
Player Name              G  A  P  +/- PIM S  H  SB FO    MP 
------------------------------------------------------------
Adam Hall                0  0  0   0  0   0  1  0  1/1   16 
Andrew Alberts           0  0  0   0  2   1  1  0  0/0   18 
D.J. King                0  0  0   0  0   0  0  0  0/1   7  
Drew Doughty             0  0  0  -1  0   1  0  1  0/0   22 
Ed Jovanovski            0  0  0  -1  2   2  1  3  0/0   20 
Evgeni Malkin            1  0  1  -1  0   4  1  0  3/4   17 
Greg Zanon               0  0  0  -2  2   1  0  2  0/0   20 
Jordin Tootoo            0  0  0  -1  0   3  3  0  4/5   16 
Kris Versteeg            1  0  1  -1  2   3  1  1  0/0   16 
Kyle Cumiskey            0  0  0  -1  0   0  0  1  0/0   1  
Matt Carkner             0  0  0  -1  2   0  4  0  0/0   18 
Matt Greene              0  0  0  -1  2   1  5  0  0/0   16 
Mike Fisher              0  0  0  -1  0   2  1  1  0/1   14 
Mike Grier               0  0  0  -1  0   0  0  0  0/1   10 
Patrick Marleau          0  1  1  -2  0   3  0  0  7/20  20 
Shawn Thornton           0  0  0   0  2   1  0  0  5/6   12 
Vernon Fiddler           0  0  0   0  0   0  1  0  5/18  20 
Vincent Lecavalier       0  2  2  -1  2   3  1  0  13/27 20 
Oilers
Player Name              G  A  P  +/- PIM S  H  SB FO    MP 
------------------------------------------------------------
Adam Burish              0  0  0   0  0   0  0  0  0/0   7  
Adrian Aucoin            0  1  1   1  4   3  1  0  0/0   22 
Andrew Ladd              0  0  0   1  0   4  0  0  0/1   18 
Brent Sopel              0  1  1   1  0   0  0  1  0/0   18 
Chris Phillips           0  0  0   1  2   1  2  1  0/0   23 
Dany Heatley             0  1  1   1  0   3  2  0  0/0   18 
Derek Roy                0  0  0   1  0   1  1  0  11/20 16 
Fernando Pisani          0  0  0   0  0   1  0  0  1/1   5  
Jochen Hecht             1  0  1   1  0   3  2  0  1/2   18 
Karlis Skrastins         0  0  0   1  0   1  0  0  0/0   20 
Michal Handzus           1  0  1   1  0   8  0  1  10/25 19 
Radek Dvorak             0  0  0   1  0   0  0  0  0/0   13 
Roman Hamrlik            0  1  1   1  2   1  1  0  0/0   21 
Scott Hannan             0  1  1   1  2   0  1  2  0/0   13 
Scott Nichol             0  0  0   0  0   0  1  0  6/9   9  
Stephen Weiss            1  0  1   1  2   1  1  1  16/23 18 
Steve Sullivan           0  0  0   1  0   3  1  0  1/2   16 
Todd Marchant            0  1  1   1  0   0  3  0  0/1   18 

3 Stars

1 - Jochen Hecht (EDM)
2 - Michal Handzus (EDM)
3 - Todd Marchant (EDM)

Power Play

MapleLeafs - 2 on 5 Attempt(s) - 40.00%
Oilers - 0 on 7 Attempt(s) - 0.00%

Penalty Kill

MapleLeafs - 7 on 7 Attempt(s) - 100.00% - Score 0 goal in Penalty Kill
Oilers - 3 on 5 Attempt(s) - 60.00% - Score 0 goal in Penalty Kill

Game Notes

No Game Note

Finance

Level 1 -- Attendance: 5224 (80.37%) -- Ticket Income $485,832.00
Level 2 -- Attendance: 4951 (99.02%) -- Ticket Income $232,697.00
Level 3 -- Attendance: 3500 (100.00%) -- Ticket Income $119,000.00
Level 4 -- Attendance: 839 (100.00%) -- Ticket Income $17,619.00
Luxury Box -- Attendance: 828 (82.80%) -- Ticket Income $160,632.00
Game was played at the Rexall Place
Total Attendance: 15342 (91.11%)
Total Ticket Income: $1,084,996.00
Other Income: $221,315.10
Total Income: $1,306,311.00


Play by Play

Period #1

0:01 of 1st period - Stephen Weiss wins face-off versus Vincent Lecavalier in neutral zone.
0:11 of 1st period - Icing by Ed Jovanovski.
0:12 of 1st period - Vincent Lecavalier wins face-off versus Derek Roy in MapleLeafs zone.
0:19 of 1st period - Shot by Jochen Hecht.
0:19 of 1st period - Shot Misses the Net.
0:21 of 1st period - Shot by Jochen Hecht.
0:21 of 1st period - Goal by Jochen Hecht - MapleLeafs : 0 - Oilers : 1.
0:22 of 1st period - Stephen Weiss wins face-off versus Patrick Marleau in neutral zone.
0:28 of 1st period - Patrick Marleau is hit by Roman Hamrlik and loses puck.
0:40 of 1st period - Minor Penalty to Roman Hamrlik for Roughing.
0:40 of 1st period - Minor Penalty to Kris Versteeg for Tripping.
0:41 of 1st period - Derek Roy wins face-off versus Vincent Lecavalier in Oilers zone.
1:10 of 1st period - Shot by Vincent Lecavalier.
1:10 of 1st period - Shot Misses the Net.
1:36 of 1st period - Shot by Patrick Marleau.
1:36 of 1st period - Deflect By Jordin Tootoo.
1:36 of 1st period - Stopped by Dan Ellis without a rebound.
1:37 of 1st period - Stephen Weiss wins face-off versus Patrick Marleau in Oilers zone.
1:37 of 1st period - Dany Heatley is hit by Jordin Tootoo and loses puck.
1:45 of 1st period - Off-side.
1:46 of 1st period - Patrick Marleau wins face-off versus Stephen Weiss in neutral zone.
2:17 of 1st period - Shot by Chris Phillips.
2:17 of 1st period - Stopped by Ryan Miller without a rebound.
2:18 of 1st period - Stephen Weiss wins face-off versus Vincent Lecavalier in MapleLeafs zone.
2:18 of 1st period - Stephen Weiss is hit by Matt Greene.
2:31 of 1st period - Shot by Dany Heatley.
2:31 of 1st period - Stopped by Ryan Miller without a rebound.
2:32 of 1st period - Derek Roy wins face-off versus D.J. King in MapleLeafs zone.
2:44 of 1st period - Icing by Andrew Alberts.
2:45 of 1st period - Michal Handzus wins face-off versus Vernon Fiddler in MapleLeafs zone.
3:55 of 1st period - Icing by Karlis Skrastins.
3:56 of 1st period - Derek Roy wins face-off versus Patrick Marleau in Oilers zone.
4:04 of 1st period - Jordin Tootoo is hit by Todd Marchant.
5:13 of 1st period - Vernon Fiddler is hit by Stephen Weiss and loses puck.
5:41 of 1st period - Chris Phillips is hit by Vernon Fiddler and loses puck.
6:28 of 1st period - Icing by Roman Hamrlik.
6:29 of 1st period - Stephen Weiss wins face-off versus Patrick Marleau in Oilers zone.
6:48 of 1st period - Shot by Michal Handzus.
6:48 of 1st period - Shot Misses the Net.
6:50 of 1st period - Shot by Scott Hannan.
6:50 of 1st period - Shot Misses the Net.
6:54 of 1st period - Shot by Michal Handzus.
6:54 of 1st period - Shot Misses the Net.
6:56 of 1st period - Shot by Michal Handzus.
6:56 of 1st period - Goal by Michal Handzus - MapleLeafs : 0 - Oilers : 2.
6:57 of 1st period - Patrick Marleau wins face-off versus Michal Handzus in neutral zone.
7:02 of 1st period - Shot by Patrick Marleau.
7:02 of 1st period - Shot Blocked by Scott Hannan.
7:04 of 1st period - Shot by Greg Zanon.
7:04 of 1st period - Shot Blocked by Brent Sopel.
7:08 of 1st period - Shot by Jordin Tootoo.
7:08 of 1st period - Shot Misses the Net.
7:10 of 1st period - Shot by Greg Zanon.
7:10 of 1st period - Shot Misses the Net.
7:12 of 1st period - Shot by Greg Zanon.
7:12 of 1st period - Stopped by Dan Ellis without a rebound.
7:13 of 1st period - Derek Roy wins face-off versus Vincent Lecavalier in Oilers zone.
7:13 of 1st period - Derek Roy is hit by Evgeni Malkin.
7:18 of 1st period - Minor Penalty to Vincent Lecavalier for Cross-checking.
7:19 of 1st period - Evgeni Malkin wins face-off versus Jochen Hecht in MapleLeafs zone.
8:32 of 1st period - Icing by Derek Roy.
8:33 of 1st period - Vernon Fiddler wins face-off versus Derek Roy in Oilers zone.
8:59 of 1st period - Minor Penalty to Shawn Thornton for Hooking.
9:00 of 1st period - Derek Roy wins face-off versus Mike Grier in MapleLeafs zone.
9:38 of 1st period - Patrick Marleau is hit by Todd Marchant and loses puck.
10:34 of 1st period - Shot by Andrew Ladd.
10:34 of 1st period - Stopped by Ryan Miller with a rebound.
10:36 of 1st period - Shot by Michal Handzus.
10:36 of 1st period - Stopped by Ryan Miller with a rebound.
11:16 of 1st period - Michal Handzus is hit by Kris Versteeg.
11:25 of 1st period - Shot by Steve Sullivan.
11:25 of 1st period - Stopped by Ryan Miller without a rebound.
11:26 of 1st period - Scott Nichol wins face-off versus Vernon Fiddler in MapleLeafs zone.
11:26 of 1st period - Scott Nichol is hit by Matt Greene.
11:33 of 1st period - Minor Penalty to Matt Greene for High sticking.
11:34 of 1st period - Stephen Weiss wins face-off versus Vincent Lecavalier in MapleLeafs zone.
11:45 of 1st period - Shot by Adrian Aucoin.
11:45 of 1st period - Stopped by Ryan Miller without a rebound.
11:46 of 1st period - Vernon Fiddler wins face-off versus Andrew Ladd in MapleLeafs zone.
12:40 of 1st period - Minor Penalty to Stephen Weiss for Cross-checking.
12:41 of 1st period - Patrick Marleau wins face-off versus Michal Handzus in Oilers zone.
12:55 of 1st period - Shot by Michal Handzus.
12:55 of 1st period - Stopped by Ryan Miller without a rebound.
12:56 of 1st period - Derek Roy wins face-off versus Evgeni Malkin in MapleLeafs zone.
12:59 of 1st period - Shot by Derek Roy.
12:59 of 1st period - Shot Blocked by Ed Jovanovski.
13:17 of 1st period - Shot by Vincent Lecavalier.
13:17 of 1st period - Stopped by Dan Ellis without a rebound.
13:18 of 1st period - Michal Handzus wins face-off versus Patrick Marleau in Oilers zone.
14:04 of 1st period - Shot by Jordin Tootoo.
14:04 of 1st period - Stopped by Dan Ellis without a rebound.
14:05 of 1st period - Evgeni Malkin wins face-off versus Scott Nichol in Oilers zone.
15:23 of 1st period - Shot by Jordin Tootoo.
15:23 of 1st period - Shot Misses the Net.
15:27 of 1st period - Shot by Jordin Tootoo.
15:27 of 1st period - Shot Misses the Net.
15:29 of 1st period - Shot by Patrick Marleau.
15:29 of 1st period - Shot Misses the Net.
16:21 of 1st period - Off-side.
16:22 of 1st period - Stephen Weiss wins face-off versus Shawn Thornton in neutral zone.
16:25 of 1st period - Shawn Thornton is hit by Dany Heatley and loses puck.
16:51 of 1st period - Minor Penalty to Chris Phillips for Hooking.
16:52 of 1st period - Scott Nichol wins face-off versus Vincent Lecavalier in Oilers zone.
17:00 of 1st period - Shot by Patrick Marleau.
17:00 of 1st period - Shot Misses the Net.
17:04 of 1st period - Shot by Kris Versteeg.
17:04 of 1st period - Goal by Kris Versteeg - MapleLeafs : 1 - Oilers : 2.
17:05 of 1st period - Derek Roy wins face-off versus Vernon Fiddler in neutral zone.
17:38 of 1st period - Shot by Jochen Hecht.
17:38 of 1st period - Stopped by Ryan Miller without a rebound.
17:39 of 1st period - Stephen Weiss wins face-off versus Vincent Lecavalier in MapleLeafs zone.
18:00 of 1st period - Shot by Evgeni Malkin.
18:00 of 1st period - Stopped by Dan Ellis with a rebound.
18:16 of 1st period - Shot by Andrew Ladd.
18:16 of 1st period - Stopped by Ryan Miller without a rebound.
18:17 of 1st period - Patrick Marleau wins face-off versus Scott Nichol in MapleLeafs zone.
19:50 of 1st period - Adam Hall is hit by Todd Marchant and loses puck.

Period #2

0:01 of 2nd period - Stephen Weiss wins face-off versus Vincent Lecavalier in neutral zone.
0:16 of 2nd period - Shot by Vincent Lecavalier.
0:16 of 2nd period - Shot Misses the Net.
0:39 of 2nd period - Vincent Lecavalier is hit by Chris Phillips.
1:13 of 2nd period - Shot by Jordin Tootoo.
1:13 of 2nd period - Shot Misses the Net.
1:17 of 2nd period - Shot by Patrick Marleau.
1:17 of 2nd period - Shot Misses the Net.
1:21 of 2nd period - Shot by Patrick Marleau.
1:21 of 2nd period - Stopped by Dan Ellis with a rebound.
1:23 of 2nd period - Shot by Kris Versteeg.
1:23 of 2nd period - Shot Blocked by Stephen Weiss.
1:25 of 2nd period - Shot by Kris Versteeg.
1:25 of 2nd period - Shot Misses the Net.
1:27 of 2nd period - Shot by Greg Zanon.
1:27 of 2nd period - Shot Misses the Net.
1:29 of 2nd period - Shot by Kris Versteeg.
1:29 of 2nd period - Stopped by Dan Ellis without a rebound.
1:30 of 2nd period - Vernon Fiddler wins face-off versus Derek Roy in Oilers zone.
1:31 of 2nd period - Shot by Matt Greene.
1:31 of 2nd period - Stopped by Dan Ellis without a rebound.
1:32 of 2nd period - Adam Hall wins face-off versus Derek Roy in Oilers zone.
1:52 of 2nd period - Mike Grier is hit by Adrian Aucoin and loses puck.
2:18 of 2nd period - Andrew Alberts is hit by Jochen Hecht and loses puck.
2:41 of 2nd period - Minor Penalty to Adrian Aucoin for Roughing.
2:42 of 2nd period - Vincent Lecavalier wins face-off versus Michal Handzus in Oilers zone.
2:43 of 2nd period - Shot by Evgeni Malkin.
2:43 of 2nd period - Goal by Evgeni Malkin - MapleLeafs : 2 - Oilers : 2.
2:44 of 2nd period - Steve Sullivan wins face-off versus Patrick Marleau in neutral zone.
2:46 of 2nd period - Michal Handzus is hit by Jordin Tootoo and loses puck.
2:51 of 2nd period - Shot by Brent Sopel.
2:51 of 2nd period - Shot Blocked by Greg Zanon.
3:14 of 2nd period - Minor Penalty to Greg Zanon for Roughing.
3:15 of 2nd period - Vincent Lecavalier wins face-off versus Derek Roy in MapleLeafs zone.
3:15 of 2nd period - Vincent Lecavalier is hit by Dany Heatley.
3:41 of 2nd period - Shot by Dany Heatley.
3:41 of 2nd period - Shot Misses the Net.
3:43 of 2nd period - Shot by Andrew Ladd.
3:43 of 2nd period - Stopped by Ryan Miller without a rebound.
3:44 of 2nd period - Vincent Lecavalier wins face-off versus Stephen Weiss in MapleLeafs zone.
5:29 of 2nd period - Greg Zanon is hit by Steve Sullivan and loses puck.
5:33 of 2nd period - Icing by Patrick Marleau.
5:34 of 2nd period - Scott Nichol wins face-off versus Patrick Marleau in MapleLeafs zone.
5:36 of 2nd period - Fernando Pisani is hit by Matt Greene.
5:50 of 2nd period - Shot by Fernando Pisani.
5:50 of 2nd period - Stopped by Ryan Miller with a rebound.
6:30 of 2nd period - Icing by Ed Jovanovski.
6:31 of 2nd period - Evgeni Malkin wins face-off versus Derek Roy in MapleLeafs zone.
6:46 of 2nd period - Shot by Adrian Aucoin.
6:46 of 2nd period - Stopped by Ryan Miller with a rebound.
6:48 of 2nd period - Shot by Derek Roy.
6:48 of 2nd period - Shot Misses the Net.
6:50 of 2nd period - Shot by Todd Marchant.
6:50 of 2nd period - Deflect By Derek Roy.
6:50 of 2nd period - Shot Blocked by Mike Fisher.
6:52 of 2nd period - Shot by Karlis Skrastins.
6:52 of 2nd period - Stopped by Ryan Miller without a rebound.
6:53 of 2nd period - Shawn Thornton wins face-off versus Stephen Weiss in MapleLeafs zone.
7:13 of 2nd period - Shot by Andrew Ladd.
7:13 of 2nd period - Stopped by Ryan Miller without a rebound.
7:14 of 2nd period - Michal Handzus wins face-off versus Vincent Lecavalier in MapleLeafs zone.
7:41 of 2nd period - Shot by Mike Fisher.
7:41 of 2nd period - Stopped by Dan Ellis without a rebound.
7:42 of 2nd period - Shawn Thornton wins face-off versus Todd Marchant in Oilers zone.
8:31 of 2nd period - Shot by Stephen Weiss.
8:31 of 2nd period - Shot Misses the Net.
8:36 of 2nd period - Shot by Stephen Weiss.
8:36 of 2nd period - Shot Misses the Net.
9:27 of 2nd period - Icing by D.J. King.
9:28 of 2nd period - Scott Nichol wins face-off versus Vernon Fiddler in MapleLeafs zone.
10:18 of 2nd period - Shot by Vincent Lecavalier.
10:18 of 2nd period - Stopped by Dan Ellis without a rebound.
10:18 of 2nd period - Minor Penalty to Scott Hannan for Boarding.
10:19 of 2nd period - Vincent Lecavalier wins face-off versus Michal Handzus in Oilers zone.
10:32 of 2nd period - Shot by Vincent Lecavalier.
10:32 of 2nd period - Shot Misses the Net.
10:36 of 2nd period - Shot by Patrick Marleau.
10:36 of 2nd period - Shot Misses the Net.
10:38 of 2nd period - Shot by Patrick Marleau.
10:38 of 2nd period - Shot Misses the Net.
10:40 of 2nd period - Shot by Vincent Lecavalier.
10:40 of 2nd period - Stopped by Dan Ellis with a rebound.
12:10 of 2nd period - Shot by Evgeni Malkin.
12:10 of 2nd period - Stopped by Dan Ellis without a rebound.
12:11 of 2nd period - Michal Handzus wins face-off versus Mike Fisher in Oilers zone.
13:21 of 2nd period - Shot by Stephen Weiss.
13:21 of 2nd period - Shot Blocked by Kyle Cumiskey.
13:23 of 2nd period - Shot by Stephen Weiss.
13:23 of 2nd period - Goal by Stephen Weiss - MapleLeafs : 2 - Oilers : 3.
13:24 of 2nd period - Vincent Lecavalier wins face-off versus Derek Roy in neutral zone.
13:27 of 2nd period - Adrian Aucoin is hit by Mike Fisher and loses puck.
13:38 of 2nd period - Shot by Adrian Aucoin.
13:38 of 2nd period - Shot Blocked by Ed Jovanovski.
13:42 of 2nd period - Shot by Jochen Hecht.
13:42 of 2nd period - Shot Misses the Net.
14:46 of 2nd period - Icing by Andrew Alberts.
14:47 of 2nd period - Scott Nichol wins face-off versus Vernon Fiddler in MapleLeafs zone.
15:40 of 2nd period - Shot by Evgeni Malkin.
15:40 of 2nd period - Stopped by Dan Ellis without a rebound.
15:41 of 2nd period - Vincent Lecavalier wins face-off versus Michal Handzus in Oilers zone.
15:41 of 2nd period - Evgeni Malkin is hit by Scott Hannan and loses puck.
16:21 of 2nd period - Vincent Lecavalier is hit by Chris Phillips and loses puck.
16:44 of 2nd period - Shot by Andrew Ladd.
16:44 of 2nd period - Shot Misses the Net.
17:03 of 2nd period - Icing by Greg Zanon.
17:04 of 2nd period - Jochen Hecht wins face-off versus Patrick Marleau in MapleLeafs zone.
17:13 of 2nd period - Shot by Derek Roy.
17:13 of 2nd period - Stopped by Ryan Miller without a rebound.
17:14 of 2nd period - Shawn Thornton wins face-off versus Derek Roy in MapleLeafs zone.
17:14 of 2nd period - Shawn Thornton is hit by Jochen Hecht.
17:59 of 2nd period - Icing by Greg Zanon.
18:00 of 2nd period - Shawn Thornton wins face-off versus Michal Handzus in MapleLeafs zone.
18:26 of 2nd period - Radek Dvorak is hit by Matt Carkner and loses puck.
18:31 of 2nd period - Shot by Michal Handzus.
18:31 of 2nd period - Stopped by Ryan Miller without a rebound.
18:32 of 2nd period - Stephen Weiss wins face-off versus Vincent Lecavalier in MapleLeafs zone.
18:32 of 2nd period - Dany Heatley is hit by Ed Jovanovski.
19:11 of 2nd period - Shot by Jordin Tootoo.
19:11 of 2nd period - Shot Misses the Net.
19:19 of 2nd period - Shot by Patrick Marleau.
19:19 of 2nd period - Stopped by Dan Ellis without a rebound.
19:20 of 2nd period - Derek Roy wins face-off versus Patrick Marleau in Oilers zone.
19:20 of 2nd period - Derek Roy is hit by Adam Hall.
19:31 of 2nd period - Andrew Alberts is hit by Derek Roy.
19:38 of 2nd period - Minor Penalty to Adrian Aucoin for Goalie Interference.
19:39 of 2nd period - Scott Nichol wins face-off versus Jordin Tootoo in Oilers zone.

Period #3

0:01 of 3rd period - Vincent Lecavalier wins face-off versus Michal Handzus in neutral zone.
0:18 of 3rd period - Shot by Drew Doughty.
0:18 of 3rd period - Shot Misses the Net.
0:20 of 3rd period - Shot by Kris Versteeg.
0:20 of 3rd period - Shot Misses the Net.
0:22 of 3rd period - Shot by Patrick Marleau.
0:22 of 3rd period - Stopped by Dan Ellis without a rebound.
0:23 of 3rd period - Jordin Tootoo wins face-off versus Michal Handzus in Oilers zone.
0:24 of 3rd period - Shot by Ed Jovanovski.
0:24 of 3rd period - Stopped by Dan Ellis without a rebound.
0:25 of 3rd period - Jordin Tootoo wins face-off versus Michal Handzus in Oilers zone.
0:26 of 3rd period - Shot by Ed Jovanovski.
0:26 of 3rd period - Stopped by Dan Ellis without a rebound.
0:27 of 3rd period - Jordin Tootoo wins face-off versus Michal Handzus in Oilers zone.
0:28 of 3rd period - Shot by Andrew Alberts.
0:28 of 3rd period - Stopped by Dan Ellis with a rebound.
0:30 of 3rd period - Shot by Andrew Alberts.
0:30 of 3rd period - Shot Blocked by Chris Phillips.
0:34 of 3rd period - Shot by Shawn Thornton.
0:34 of 3rd period - Shot Misses the Net.
0:38 of 3rd period - Shot by Mike Fisher.
0:38 of 3rd period - Stopped by Dan Ellis without a rebound.
0:39 of 3rd period - Vincent Lecavalier wins face-off versus Michal Handzus in Oilers zone.
1:04 of 3rd period - Shot by Patrick Marleau.
1:04 of 3rd period - Shot Blocked by Michal Handzus.
1:06 of 3rd period - Shot by Drew Doughty.
1:06 of 3rd period - Stopped by Dan Ellis without a rebound.
1:07 of 3rd period - Jordin Tootoo wins face-off versus Scott Nichol in Oilers zone.
1:24 of 3rd period - Shot by Shawn Thornton.
1:24 of 3rd period - Shot Misses the Net.
1:26 of 3rd period - Shot by Jordin Tootoo.
1:26 of 3rd period - Stopped by Dan Ellis with a rebound.
1:28 of 3rd period - Shot by Ed Jovanovski.
1:28 of 3rd period - Shot Misses the Net.
1:30 of 3rd period - Shot by Mike Fisher.
1:30 of 3rd period - Shot Misses the Net.
1:34 of 3rd period - Shot by Shawn Thornton.
1:34 of 3rd period - Stopped by Dan Ellis with a rebound.
1:36 of 3rd period - Shot by Mike Fisher.
1:36 of 3rd period - Shot Misses the Net.
1:49 of 3rd period - Icing by Scott Hannan.
1:50 of 3rd period - Michal Handzus wins face-off versus Patrick Marleau in Oilers zone.
1:50 of 3rd period - Radek Dvorak is hit by Jordin Tootoo.
2:02 of 3rd period - Shot by Patrick Marleau.
2:02 of 3rd period - Shot Blocked by Scott Hannan.
2:28 of 3rd period - Michal Handzus is hit by Matt Carkner and loses puck.
2:57 of 3rd period - Shot by Fernando Pisani.
2:57 of 3rd period - Shot Blocked by Greg Zanon.
3:05 of 3rd period - Patrick Marleau is hit by Scott Nichol and loses puck.
3:40 of 3rd period - Icing by Vincent Lecavalier.
3:41 of 3rd period - Stephen Weiss wins face-off versus Vincent Lecavalier in MapleLeafs zone.
3:52 of 3rd period - Shot by Dany Heatley.
3:52 of 3rd period - Deflect By Andrew Ladd.
3:52 of 3rd period - Shot Misses the Net.
3:56 of 3rd period - Shot by Dany Heatley.
3:56 of 3rd period - Stopped by Ryan Miller without a rebound.
3:57 of 3rd period - Michal Handzus wins face-off versus Vernon Fiddler in MapleLeafs zone.
3:57 of 3rd period - Steve Sullivan is hit by Andrew Alberts and loses puck.
4:11 of 3rd period - Minor Penalty to Andrew Alberts for Roughing.
4:12 of 3rd period - Derek Roy wins face-off versus Vernon Fiddler in MapleLeafs zone.
4:40 of 3rd period - Dany Heatley is hit by Matt Greene and loses puck.
6:18 of 3rd period - Shot by Michal Handzus.
6:18 of 3rd period - Deflect By Steve Sullivan.
6:18 of 3rd period - Stopped by Ryan Miller with a rebound.
6:20 of 3rd period - Shot by Michal Handzus.
6:20 of 3rd period - Shot Misses the Net.
6:22 of 3rd period - Shot by Brent Sopel.
6:22 of 3rd period - Deflect By Michal Handzus.
6:22 of 3rd period - Shot Blocked by Ed Jovanovski.
6:24 of 3rd period - Shot by Steve Sullivan.
6:24 of 3rd period - Deflect By Michal Handzus.
6:24 of 3rd period - Stopped by Ryan Miller without a rebound.
6:25 of 3rd period - Michal Handzus wins face-off versus Vernon Fiddler in MapleLeafs zone.
6:25 of 3rd period - Scott Hannan is hit by Matt Greene.
6:27 of 3rd period - Shot by Michal Handzus.
6:27 of 3rd period - Stopped by Ryan Miller without a rebound.
6:28 of 3rd period - Michal Handzus wins face-off versus Vernon Fiddler in MapleLeafs zone.
6:35 of 3rd period - Shot by Michal Handzus.
6:35 of 3rd period - Stopped by Ryan Miller with a rebound.
6:37 of 3rd period - Shot by Michal Handzus.
6:37 of 3rd period - Stopped by Ryan Miller without a rebound.
6:38 of 3rd period - Fernando Pisani wins face-off versus Patrick Marleau in MapleLeafs zone.
6:47 of 3rd period - Shot by Scott Nichol.
6:47 of 3rd period - Shot Blocked by Kris Versteeg.
6:54 of 3rd period - Adam Burish is hit by Matt Carkner and loses puck.
7:06 of 3rd period - Fernando Pisani is hit by Matt Carkner and loses puck.
7:23 of 3rd period - Icing by Scott Hannan.
7:24 of 3rd period - Vincent Lecavalier wins face-off versus Michal Handzus in Oilers zone.
7:43 of 3rd period - Shot by Vincent Lecavalier.
7:43 of 3rd period - Shot Misses the Net.
7:53 of 3rd period - Off-side.
7:54 of 3rd period - Stephen Weiss wins face-off versus Vernon Fiddler in neutral zone.
7:58 of 3rd period - Off-side.
7:59 of 3rd period - Vernon Fiddler wins face-off versus Stephen Weiss in neutral zone.
8:59 of 3rd period - Shot by Jochen Hecht.
8:59 of 3rd period - Stopped by Ryan Miller with a rebound.
9:02 of 3rd period - Icing by Ed Jovanovski.
9:03 of 3rd period - Vincent Lecavalier wins face-off versus Michal Handzus in MapleLeafs zone.
9:13 of 3rd period - Off-side.
9:14 of 3rd period - Michal Handzus wins face-off versus Patrick Marleau in neutral zone.
10:05 of 3rd period - Icing by Adrian Aucoin.
10:06 of 3rd period - Derek Roy wins face-off versus Vincent Lecavalier in Oilers zone.
10:18 of 3rd period - Off-side.
10:19 of 3rd period - Stephen Weiss wins face-off versus Vernon Fiddler in neutral zone.
12:16 of 3rd period - Shot by Radek Dvorak.
12:16 of 3rd period - Deflect By Steve Sullivan.
12:16 of 3rd period - Stopped by Ryan Miller without a rebound.
12:17 of 3rd period - Vernon Fiddler wins face-off versus Michal Handzus in MapleLeafs zone.
13:45 of 3rd period - Shot by Jordin Tootoo.
13:45 of 3rd period - Shot Misses the Net.
14:02 of 3rd period - Off-side.
14:03 of 3rd period - Derek Roy wins face-off versus Vincent Lecavalier in neutral zone.
14:03 of 3rd period - Adrian Aucoin is hit by Vincent Lecavalier and loses puck.
14:07 of 3rd period - Minor Penalty to Ed Jovanovski for Roughing.
14:08 of 3rd period - Stephen Weiss wins face-off versus Vernon Fiddler in MapleLeafs zone.
14:43 of 3rd period - Shot by Adrian Aucoin.
14:43 of 3rd period - Stopped by Ryan Miller with a rebound.
17:34 of 3rd period - Icing by Drew Doughty.
17:35 of 3rd period - Stephen Weiss wins face-off versus Vernon Fiddler in MapleLeafs zone.
17:51 of 3rd period - Off-side.
17:52 of 3rd period - Michal Handzus wins face-off versus Patrick Marleau in neutral zone.
18:02 of 3rd period - Icing by Roman Hamrlik.
18:03 of 3rd period - Patrick Marleau wins face-off versus Michal Handzus in Oilers zone.
18:04 of 3rd period - Shot by Kris Versteeg.
18:04 of 3rd period - Stopped by Dan Ellis without a rebound.
18:05 of 3rd period - Patrick Marleau wins face-off versus Stephen Weiss in Oilers zone.
18:12 of 3rd period - Shot by Dany Heatley.
18:12 of 3rd period - Stopped by Ryan Miller without a rebound.
18:13 of 3rd period - Patrick Marleau wins face-off versus Derek Roy in MapleLeafs zone.
18:35 of 3rd period - Minor Penalty to Matt Carkner for High sticking.
18:36 of 3rd period - Vincent Lecavalier wins face-off versus Steve Sullivan in MapleLeafs zone.
19:05 of 3rd period - Shot by Roman Hamrlik.
19:05 of 3rd period - Shot Blocked by Drew Doughty.
19:07 of 3rd period - Shot by Roman Hamrlik.
19:07 of 3rd period - Shot Misses the Net.
19:09 of 3rd period - Shot by Roman Hamrlik.
19:09 of 3rd period - Stopped by Ryan Miller without a rebound.
19:10 of 3rd period - Shawn Thornton wins face-off versus Stephen Weiss in MapleLeafs zone.
19:16 of 3rd period - Icing by Karlis Skrastins.
19:17 of 3rd period - Stephen Weiss wins face-off versus Vincent Lecavalier in Oilers zone.
19:25 of 3rd period - Icing by Karlis Skrastins.
19:26 of 3rd period - Vincent Lecavalier wins face-off versus Stephen Weiss in Oilers zone.


Output by the SimonT Hockey Simulator (STHS) for Stephane Roy -- Original Page W3C XHTML 1.0 Valid